Map: [ESL] Equilibrium

Players

SpeCial

  • Race: Terran Terran
  • League: Master
  • Spawn Location: 11:00

Scarlett - Winner!

  • Race: Zerg Zerg
  • Spawn Location: 1:00

Event: IEM Katowice 2024

VOD

Have the link to the VOD?

Description

Time

  • Played on: Dec. 10, 2023, 9:03 p.m.
  • Length: 22:09

All games in this series

Show
View Real Time Build Order
Export as new Build Order

SpeCial Terran 

Build Orders:  

Get SALT Encoding   

  12  0:00  SCV  
  13  0:12  SCV  
  14  0:18  Supply Depot  
  14  0:24  SCV  
  15  0:40  Barracks  
  15  0:41  SCV  
  16  0:55  Barracks  
  17  1:09  SCV, Refinery  
  17  1:21  SCV  
  18  1:27  Marine  
  19  1:34  Orbital Command  
  19  1:39  Supply Depot  
  19  1:43  Marine  
  19  1:44  Marine  
  21  1:54  Bunker  
  21  2:00  SCV  
  22  2:03  Reaper  
  23  2:12  SCV, Reaper  
  25  2:29  SCV  
  26  2:41  Marine, SCV  
  26  2:44  Marine  
  28  2:45  Command Center  
  28  2:50  Factory  
  29  2:56  Supply Depot  
  29  2:57  SCV  
  30  3:05  Marine x2  
  29  3:09  SCV  
  31  3:21  Bunker  
  30  3:28  SCV  
  31  3:35  Cyclone  
  31  3:40  SCV  
  34  3:45  Starport  
  34  3:52  SCV  
  35  3:57  Orbital Command  
  35  4:04  SCV  
  36  4:12  Command Center  
  36  4:16  SCV  
  37  4:22  Medivac  
  39  4:28  SCV  
  39  4:30  SCV  
  41  4:32  Refinery  
  41  4:33  Refinery  
  41  4:37  Hellion  
  43  4:40  SCV  
  43  4:42  SCV  
  45  4:51  Supply Depot  
  45  4:53  SCV  
  45  4:54  SCV  
  45  4:59  Hellion  
  49  5:05  SCV  
  49  5:06  SCV  
  51  5:10  Fusion Core  
  51  5:11  Starport Tech Lab  
  51  5:20  Barracks Reactor, Hellion  
  53  5:22  SCV x2  
  53  5:25  Orbital Command  
  55  5:34  SCV  
  55  5:35  SCV  
  57  5:37  Factory  
  57  5:40  Factory  
  57  5:44  Hellion  
  57  5:45  Orbital Command, Starport Tech Lab, Factory  
  57  5:46  Supply Depot  
  57  5:47  SCV x2  
  61  5:54  Factory  
  61  5:59  SCV x2  
  63  6:11  SCV x3  
  66  6:13  Cyclone  
  66  6:14  Armory, Refinery  
  66  6:17  Supply Depot  
  68  6:19  Cyclone  
  68  6:23  SCV x3  
  73  6:28  Supply Depot  
  73  6:32  Hurricane Engines  
  73  6:35  SCV x2  
  73  6:37  SCV  
  76  6:46  Factory Reactor  
  76  6:47  Cyclone, SCV x2  
  76  6:49  SCV  
  81  6:55  Cyclone  
  81  6:58  Cyclone x2  
  81  6:59  SCV x2  
  81  7:01  SCV  
  90  7:03  Refinery x2  
  90  7:06  Terran Vehicle Weapons Level 1  
  90  7:07  Supply Depot  
  90  7:10  Cyclone  
  90  7:11  SCV x2  
  90  7:13  SCV  
  90  7:14  Supply Depot  
  95  7:23  Cyclone, SCV x2  
  95  7:25  SCV  
  95  7:29  Cyclone  
  102  7:33  Supply Depot  
  102  7:34  Command Center  
  102  7:35  SCV  
  102  7:36  Cyclone, SCV  
  106  7:37  SCV  
  106  7:38  Supply Depot x2  
  106  7:39  Cyclone  
  108  7:46  Cyclone  
  108  7:50  Cyclone  
  114  7:51  SCV  
  114  7:54  SCV  
  114  7:55  SCV  
  114  7:58  Factory Tech Lab  
  113  7:59  Cyclone  
  113  8:01  Cyclone  
  113  8:03  Starport Tech Lab  
  111  8:08  Cyclone, Supply Depot  
  111  8:10  SCV x3  
  111  8:11  Cyclone  
  118  8:21  Siege Tank x2  
  118  8:22  Siege Tank  
  127  8:28  SCV x3  
  127  8:33  Cyclone  
  132  8:40  Cyclone, Factory  
  132  8:41  Hellion  
  126  8:43  Factory, SCV  
  126  8:44  Hellion, SCV x2  
  131  8:49  Raven  
  131  8:53  Orbital Command  
  131  8:54  Refinery  
  133  8:56  Command Center  
  133  9:01  Siege Tank  
  133  9:02  Hellion, Refinery  
  138  9:05  Siege Tank, Hellion  
  138  9:09  SCV x3  
  146  9:11  Siege Tank  
  146  9:13  Hellion  
  149  9:18  Terran Vehicle Weapons Level 2  
  149  9:21  SCV x2  
  149  9:24  Cyclone x2  
  149  9:27  Cyclone  
  149  9:28  Factory Tech Lab  
  149  9:29  Factory Tech Lab  
  147  9:38  Cyclone x2  
  147  9:42  SCV x2  
  149  9:46  Siege Tank  
  149  9:47  Raven  
  149  9:48  Cyclone x2  
  149  9:49  Hellion  
  160  9:53  Infernal Pre-Igniter  
  151  10:03  Hellion, Cyclone x2  
  139  10:08  SCV x2  
  139  10:09  SCV  
  139  10:10  Cyclone x3  
  137  10:18  Cyclone  
  136  10:21  Raven  
  136  10:24  SCV  
  133  10:30  Command Center  
  133  10:31  Siege Tank  
  136  10:38  Cyclone x2  
  136  10:39  Siege Tank  
  133  10:44  Siege Tank, Factory  
  133  10:45  Armory  
  134  10:51  Cyclone  
  136  11:00  Siege Tank, Engineering Bay  
  136  11:01  Siege Tank  
  136  11:04  Hellion x2  
  144  11:05  Unknown  
  144  11:10  Cyclone x2  
  148  11:13  Siege Tank  
  148  11:17  Hellion  
  153  11:23  Raven, Hellion  
  153  11:25  Siege Tank  
  160  11:27  Hellion  
  162  11:33  Cyclone  
  161  11:42  Factory Reactor  
  161  11:43  Siege Tank, Cyclone x2  
  168  11:47  Planetary Fortress, Siege Tank  
  168  11:50  Command Center  
  168  11:53  Command Center, Missile Turret  
  171  11:58  Terran Vehicle Weapons Level 3  
  171  12:00  Hellion x2  
  171  12:06  Hellion x2, Cyclone  
  177  12:15  Siege Tank x2  
  180  12:20  Cyclone  
  172  12:24  Cyclone  
  172  12:28  Raven  
  160  12:31  Hellion, Cyclone x2  
  166  12:37  Terran Vehicle And Ship Armor Level 1  
  166  12:40  Cyclone x2  
  166  12:41  Cyclone  
  166  12:44  Cyclone  
  164  12:49  SCV x4  
  164  12:50  Cyclone x2, Missile Turret  
  162  12:52  Cyclone  
  162  12:53  Hellion  
  162  12:57  Cyclone  
  145  13:00  Planetary Fortress, Missile Turret  
  145  13:02  Raven, SCV x2  
  145  13:03  Missile Turret  
  145  13:04  Cyclone  
  140  13:12  SCV x2  
  137  13:14  SCV  
  137  13:19  Siege Tank  
  141  13:20  Cyclone x2  
  141  13:23  SCV  
  131  13:29  Cyclone x2  
  122  13:35  SCV x2  
  122  13:36  Raven  
  119  13:42  Cyclone x2  
  119  13:43  Siege Tank x2  
  119  13:44  Cyclone  
  119  13:45  Hellion  
  119  13:47  SCV x2  
  133  13:48  SCV  
  133  13:51  Cyclone  
  132  13:55  Hellion x2  
  132  14:02  Hellion x2  
  124  14:06  Cyclone, SCV x4  
  128  14:10  Raven  
  128  14:11  Orbital Command  
  130  14:18  SCV x4  
  130  14:19  Missile Turret  
  130  14:20  Siege Tank x2  
  130  14:24  Sensor Tower  
  140  14:29  Hellion x2, Cyclone x2  
  140  14:30  SCV x2  
  140  14:31  Siege Tank  
  153  14:34  SCV x2  
  153  14:39  Siege Tank x2  
  153  14:40  Cyclone  
  153  14:42  SCV  
  164  14:45  Hellion  
  164  14:50  Hellion, Cyclone  
  164  14:52  Siege Tank  
  171  14:53  Hellion  
  165  15:01  Hellion x2  
  165  15:03  Cyclone  
  171  15:07  Hellion  
  171  15:11  Cyclone  
  163  15:18  Thor  
  163  15:19  Cyclone x2  
  163  15:21  Siege Tank  
  173  15:23  SCV  
  173  15:28  SCV x4  
  175  15:31  Hellion x2, Cyclone  
  181  15:37  SCV  
  180  15:43  Hellion x2, Missile Turret  
  180  15:44  Command Center  
  180  15:49  Hellion  
  174  15:51  Cyclone, Hellion  
  176  16:00  SCV  
  176  16:01  SCV x2  
  179  16:05  Hellion, Cyclone x2  
  179  16:06  Hellion, Cyclone  
  179  16:07  Hellion, Cyclone  
  191  16:30  Thor  
  191  16:31  Thor  
  185  16:33  Thor, Hellion  
  185  16:35  Hellion  
  185  16:37  Viking  
  182  16:50  Thor  
  183  16:59  Thor  
  183  17:00  Hellion x2  
  183  17:04  Orbital Command  
  183  17:05  Hellbat  
  183  17:07  Viking  
  185  17:12  Hellion  
  181  17:18  Thor  
  181  17:19  Hellbat  
  178  17:26  Cyclone x3  
  165  17:39  Cyclone x2  
  173  17:44  Hellion x3  
  173  17:47  SCV  
  173  17:48  SCV x3  
  173  17:50  SCV  
  180  17:57  Hellion x2  
  186  17:58  Cyclone  
  186  17:59  Missile Turret  
  186  18:01  Missile Turret  
  186  18:02  Command Center  
  186  18:25  Hellion  
  186  18:26  Siege Tank, Cyclone  
  184  18:27  Siege Tank x2  
  184  18:28  Cyclone x2  
  184  18:29  Cyclone  
  180  18:40  Cyclone  
  169  18:48  Siege Tank x2, Cyclone  
  142  19:03  Siege Tank, Cyclone  
  142  19:07  Siege Tank, Cyclone x3  
  141  19:15  Planetary Fortress  
  135  19:21  Siege Tank  
  135  19:24  Hellion, Cyclone  
  142  19:29  Banshee  
  125  19:41  Cyclone x2  
  125  19:43  Cyclone  
  125  19:44  Hellion  
  114  19:52  Siege Tank  
  104  19:53  Hellion  
  104  19:57  Cyclone  
  101  20:00  SCV x3  
  102  20:13  Cyclone x2  
  96  20:21  Cyclone x2  
  96  20:23  Raven  
  96  20:26  SCV x4  
  106  20:29  Siege Tank  
  106  20:32  Cyclone  
  113  20:35  Hellion  
  113  20:39  SCV  
  114  20:45  Hellbat, Hellion  
  118  20:54  Siege Tank x2  
  118  20:55  Hellion x3  
  127  20:57  SCV x3  
  127  21:03  Siege Tank  
  133  21:06  Hellion  
  133  21:10  Hellion  
  121  21:19  Hellion, Cyclone x3  
  121  21:21  Hellion, Cyclone  
  130  21:29  Raven  
Show
View Real Time Build Order
Export as new Build Order

Scarlett Zerg - Winner!

Build Orders: Hatch First 

Get SALT Encoding   

  12  0:00  Drone  
  13  0:12  Overlord  
  13  0:16  Drone  
  14  0:30  Drone x2  
  16  0:47  Hatchery  
  15  0:50  Drone  
  15  0:54  Drone  
  18  0:57  Drone  
  18  1:08  Extractor  
  17  1:12  Spawning Pool  
  17  1:15  Drone  
  17  1:19  Drone  
  18  1:27  Drone  
  19  1:38  Drone  
  20  1:49  Drone  
  20  1:53  Extractor  
  20  1:58  Roach Warren  
  20  1:59  Queen x2  
  23  2:02  Drone  
  24  2:10  Overlord  
  24  2:15  Zergling x2  
  25  2:16  Zergling x2  
  26  2:39  Roach x2  
  26  2:42  Roach  
  32  2:47  Roach  
  34  2:53  Roach  
  29  3:13  Drone x3  
  30  3:22  Drone  
  31  3:27  Drone  
  31  3:32  Drone x2  
  34  3:38  Overlord  
  34  3:45  Drone  
  34  3:46  Drone  
  36  3:55  Queen  
  36  3:57  Drone x2  
  36  4:00  Drone  
  41  4:05  Drone, Overlord  
  41  4:06  Drone  
  41  4:09  Drone  
  44  4:19  Overlord  
  44  4:25  Drone x5  
  44  4:28  Queen  
  51  4:36  Queen  
  53  4:39  Overlord  
  53  4:46  Roach x2  
  53  4:49  Overlord  
  57  4:57  Hatchery  
  57  5:00  Drone x2  
  57  5:02  Drone  
  59  5:08  Drone x4  
  59  5:12  Spore Crawler  
  62  5:15  Queen  
  66  5:24  Drone  
  66  5:25  Drone  
  68  5:32  Drone  
  68  5:33  Drone x3  
  72  5:36  Lair  
  72  5:38  Overlord  
  70  5:46  Overlord  
  70  5:53  Overlord x2  
  70  5:55  Queen  
  72  5:57  Drone x4  
  76  6:05  Overlord  
  76  6:08  Queen  
  76  6:10  Drone x5  
  83  6:16  Drone  
  84  6:20  Drone  
  84  6:21  Drone  
  84  6:23  Drone  
  84  6:24  Drone x2  
  89  6:26  Spore Crawler  
  89  6:27  Spore Crawler  
  89  6:31  Queen  
  89  6:41  Spore Crawler  
  89  6:43  Drone x8  
  89  6:44  Queen  
  89  6:45  Glial Reconstitution  
  98  6:50  Spire  
  97  6:55  Drone  
  97  6:56  Drone x4, Extractor  
  97  6:57  Extractor  
  97  6:58  Extractor  
  97  7:00  Extractor  
  98  7:01  Queen  
  98  7:02  Overlord  
  98  7:07  Drone x4  
  104  7:10  Queen  
  104  7:13  Overlord  
  106  7:18  Evolution Chamber x2  
  106  7:19  Drone x5  
  109  7:28  Queen  
  109  7:29  Overlord  
  111  7:30  Overlord x2  
  111  7:38  Hatchery  
  111  7:42  Drone  
  111  7:43  Drone  
  112  7:47  Zerg Missile Weapons Level 1  
  112  7:48  Zerg Ground Armor Level 1  
  112  7:52  Drone  
  112  7:53  Drone x8  
  117  8:00  Drone x5  
  122  8:09  Infestation Pit  
  121  8:15  Zerg Flyer Weapons Level 1  
  121  8:16  Overlord  
  121  8:17  Drone x9  
  121  8:19  Overseer  
  130  8:21  Metabolic Boost  
  130  8:23  Roach x2  
  130  8:26  Unknown  
  133  8:30  Roach x4  
  140  8:36  Roach x3  
  140  8:41  Roach  
  146  8:48  Hatchery  
  144  8:50  Infestor x3  
  144  8:55  Infestor, Ravager x2  
  152  8:57  Ravager x3  
  152  8:59  Zergling x10  
  162  9:03  Overlord x2  
  162  9:19  Ravager  
  162  9:20  Zergling x4  
  162  9:21  Hatchery  
  162  9:23  Zergling x18  
  165  9:27  Drone  
  165  9:28  Baneling Nest  
  165  9:30  Roach x3  
  163  9:37  Roach x3  
  153  9:44  Roach x4  
  154  9:48  Roach  
  154  9:49  Roach x3  
  163  9:59  Roach x5  
  156  10:11  Roach x7, Hatchery  
  156  10:12  Roach  
  169  10:17  Zerg Missile Weapons Level 2  
  169  10:18  Zerg Melee Weapons Level 1  
  160  10:24  Roach x6  
  167  10:32  Ravager x2  
  167  10:33  Hatchery  
  168  10:39  Roach  
  168  10:40  Roach x8  
  169  10:44  Roach  
  169  10:45  Roach x3, Ravager x2  
  169  10:46  Ravager  
  180  10:55  Ravager  
  179  10:59  Hive  
  179  11:02  Zergling x10  
  181  11:06  Ravager  
  181  11:09  Zergling x4  
  184  11:11  Overlord x2  
  184  11:20  Centrifugal Hooks  
  184  11:27  Overlord x2  
  184  11:33  Zerg Flyer Weapons Level 2  
  173  11:40  Mutalisk x8  
  173  11:41  Hatchery  
  173  11:45  Extractor, Drone  
  173  11:46  Drone x5, Extractor  
  189  12:04  Zergling x2, Roach x2  
  189  12:05  Zergling x8, Roach  
  200  12:12  Overlord x2  
  200  12:13  Adrenal Glands, Zerg Melee Weapons Level 2  
  199  12:16  Hatchery  
  191  12:26  Zergling x8, Roach x12  
  193  12:34  Ravager x6  
  192  12:50  Roach x11  
  198  12:58  Roach x4  
  199  13:04  Ravager x4  
  199  13:10  Zergling x8  
  199  13:17  Zergling x8  
  181  13:28  Zergling x40  
  167  13:42  Zergling x34  
  168  13:56  Mutalisk x10  
  184  14:03  Extractor x2, Greater Spire  
  184  14:04  Mutalisk x7  
  194  14:16  Zergling x18  
  197  14:27  Zerg Missile Weapons Level 3  
  193  14:41  Mutalisk x3  
  198  14:49  Baneling x13, Ravager  
  198  14:52  Zerg Melee Weapons Level 3  
  193  15:00  Zergling x16  
  193  15:04  Hatchery  
  150  15:15  Corruptor  
  150  15:16  Corruptor x4  
  150  15:17  Zergling x70  
  178  15:25  Baneling x6, Roach x7  
  188  15:29  Ravager  
  183  15:49  Brood Lord  
  154  15:51  Brood Lord x4  
  158  15:59  Zerg Flyer Weapons Level 3  
  156  16:04  Drone x3  
  156  16:07  Zergling x2, Roach  
  156  16:08  Zergling x28  
  174  16:18  Ravager x7  
  162  16:36  Corruptor x8  
  162  16:39  Ravager  
  177  16:52  Drone x3  
  170  17:12  Roach x15  
  188  17:27  Hatchery  
  172  17:43  Infestor x4  
  167  17:46  Burrow, Neural Parasite  
  167  17:52  Zergling x36  
  167  17:53  Ravager x15  
  200  18:16  Spine Crawler  
  200  18:19  Spine Crawler  
  172  18:30  Roach x20  
  192  18:39  Zergling x6  
  192  18:40  Extractor x2  
  192  18:46  Roach x7  
  166  18:57  Queen  
  166  19:01  Zergling x34  
  154  19:07  Ravager x3  
  141  19:12  Hatchery  
  141  19:16  Ravager x9  
  130  19:39  Infestor x3  
  130  19:41  Infestor x3  
  131  19:52  Ravager x2  
  129  19:54  Roach x15  
  129  19:59  Roach x3  
  150  20:02  Zergling x2  
  142  20:25  Corruptor x2  
  134  20:30  Ravager  
  134  20:31  Ravager x10  
  145  20:37  Drone x5  
  145  20:38  Drone x3  
  145  20:39  Extractor x2, Drone x2  
  145  20:40  Drone  
  153  20:44  Drone x3  
  153  20:46  Roach x4  
  163  20:56  Roach x5  
  173  21:00  Ravager x5  
  171  21:17  Roach x6  
  171  21:18  Roach x12  
  184  21:19  Ravager x3  
  184  21:23  Zergling x8  
  187  21:27  Infestor x2  

Tags
 
Add a new tag
Caveats
  • Supply blocks, unpowered buildings, or Contaminate may cause inaccurate times.
  • Supply counts are checked every 10 seconds.